 Dungeon Crawl Stone Soup version 0.24.0-123-gd5b16e6ec5 (webtiles) character file.

Game seed: 15635558683255208793, levelgen mode: deterministic

182 mortelune the Skirmisher (level 5, 0/43 HPs)
             Began as a Formicid Abyssal Knight on Dec 21, 2019.
             Was a Believer of Lugonu.
             Succumbed to a scorpion's poison
             ... on level 3 of the Dungeon.
             The game lasted 00:06:34 (3686 turns).

mortelune the Skirmisher (Formicid Abyssal Knight)  Turns: 3686, Time: 00:06:34

Health: 0/43       AC: 11    Str: 23    XL:     5   Next: 93%
Magic:  6/6        EV: 13    Int: 11    God:    Lugonu [**....]
Gold:   131        SH:  0    Dex: 15    Spells: 4/4 levels left

rFire    . . .     SeeInvis +   a - +1 falchion
rCold    . . .     Gourm    .   (no shield)
rNeg     . . .     Faith    .   d - +1 chain mail
rPois    .         Spirit   .   (helmet unavailable)
rElec    .         Reflect  .   (no cloak)
rCorr    .         Harm     .   (no gloves)
MR       .....                  i - +0 pair of boots
Stlth    ..........             (no amulet)
HPRegen  0.14/turn              (no ring)
MPRegen  0.10/turn              (no ring)

@: mighty, agile, lethally poisoned (0 -> -2), flying (expiring)
A: permanent stasis, dig shafts and tunnels, four strong arms, antennae 3
a: Dig, Shaft Self, Depart the Abyss, Bend Space, Renounce Religion


You were on level 3 of the Dungeon.
You worshipped Lugonu.
Lugonu was pleased with you.
You were very hungry.

You visited 1 branch of the dungeon, and saw 4 of its levels.
You visited the Abyss 1 time.

You collected 131 gold pieces.

Inventory:

Hand Weapons
 a - a +1 falchion (weapon)
 n - a +3 whip
Missiles
 f - 11 javelins (quivered)
Armour
 b - a +0 leather armour
 d - a +1 chain mail (worn)
 i - a +0 pair of boots (worn)
Scrolls
 e - 2 scrolls of teleportation
Potions
 g - a potion of invisibility
 k - a potion of haste
Comestibles
 c - 8 rations


   Skills:
 + Level 4.3 Fighting
 * Level 4.2 Long Blades
 + Level 3.6 Armour
 - Level 0.8 Dodging
 - Level 2.1 Invocations


You had 4 spell levels left.
You didn't know any spells.
Your spell library contained the following spells:

 Spells                   Type           Power        Failure   Level  Hunger
 Beastly Appendage        Tmut           #.....       95%         1    ##.....
 Sticks to Snakes         Tmut           #.......     99%         2    ###....
 Spider Form              Tmut/Pois      #.........   100%        3    ####...
 Ice Form                 Ice/Tmut       #.......     100%        4    #####..
 Blade Hands              Tmut           #.........   100%        5    ######.


Dungeon Overview and Level Annotations

Branches:
Dungeon (4/15)
 Temple: D:4-7

Altars:
Sif Muna


Innate Abilities, Weirdness & Mutations

You cannot be hasted, slowed, berserked, paralysed or teleported.
You can dig through walls and to a lower floor.
Your four strong arms can wield two-handed weapons with a shield.
You have a pair of large antennae on your head. (SInv)


Message History

You are too injured to fight recklessly!
You are too injured to fight recklessly!
* * * LOW HITPOINT WARNING * * *
You feel sick.
* * * LOW HITPOINT WARNING * * *
You feel sick.
* * * LOW HITPOINT WARNING * * *
You feel sick.
* * * LOW HITPOINT WARNING * * *
You feel sick.
* * * LOW HITPOINT WARNING * * *
You feel sick.
* * * LOW HITPOINT WARNING * * *
You feel sick.
* * * LOW HITPOINT WARNING * * *
You feel sick.
You are starting to lose your buoyancy.
* * * LOW HITPOINT WARNING * * *
You feel sick.
You die...

......#####..........##..........
...#### ###.#########.#########
##.>## #...........#
.....########.#################
###...........................# #
##.######...###.###########.#
#...##.....###..# #.#
######..#...#..###.## #.#
..........#.....@#..## ##.#
#####............##..##### #..#
#.....#####......###.....###.##
..##### #......# #####..##.# ###
#......# ##..#.# # #......#
##...# ######## ##..# #..# ####


There were no monsters in sight!

Vanquished Creatures
  A scorpion (D:4)
  6 adders
  An adder skeleton (D:4)
  4 worms
  2 dart slugs
  2 leopard geckos
  7 bats
  2 giant cockroaches
  4 goblins
  4 hobgoblins
  3 jackals (D:2)
  13 kobolds
  A quokka (D:3)
  2 ball pythons (D:2)
  2 frilled lizards (D:2)
  8 rats
62 creatures vanquished.

Notes
Turn   | Place    | Note
-------+----------+-------------------------------------------
     0 | Abyss:1  | mortelune the Formicid Abyssal Knight began the quest for
                  | the Orb.
     0 | Abyss:1  | Reached XP level 1. HP: 18/18 MP: 2/2
    44 | Abyss:1  | Noticed a quasit
    46 | D:1      | Escaped the Abyss
   188 | D:1      | Reached XP level 2. HP: 24/24 MP: 3/3
   228 | D:1      | Reached * piety under Lugonu
   629 | D:1      | Reached XP level 3. HP: 28/29 MP: 4/4
  1643 | D:2      | Found a shimmering blue altar of Sif Muna.
  1698 | D:2      | Reached XP level 4. HP: 37/37 MP: 5/5
  2553 | D:2      | Reached ** piety under Lugonu
  2729 | D:2      | Reached XP level 5. HP: 42/42 MP: 6/6
  3676 | D:3      | HP: 2/43 [poisoned by a scorpion]
  3682 | D:3      | HP: 1/43 [poisoned by a scorpion]
  3686 | D:3      | Succumbed to a scorpion's poison

Levels and vault maps discovered:
D:1:      dpeg_arrival_chase, layout_loops_cross, serial_bayou_pond_b
D:2:      layout_basic, lemuel_round_altar
D:3:      layout_rooms
D:4:      layout_loops_ring, first_ration, uniq_robin, uniq_grinder

Skill      XL: |  1  2  3  4  5 |
---------------+----------------+-----
Long Blades    | 3 4 |  4.2
Armour         | 3 |  3.6
Fighting       | 4 |  4.3
Dodging        | |  0.8
Invocations    | |  2.1

Action                   |  1- 3 |  4- 6 || total
-------------------------+-------+-------++-------
Melee: Falchion          |    92 |   162 ||   254
Invok: Depart the Abyss  |     1 |       ||     1
 Abil: Dig               |     2 |       ||     2
  Use: Scroll            |     3 |     4 ||     7
       Potion            |       |     5 ||     5
  Eat: Chunk             |     3 |     5 ||     8
Armor: Leather armour    |    32 |       ||    32
       Chain mail        |    26 |   119 ||   145
Dodge: Dodged            |    70 |    59 ||   129
       Rpst.: Falchion   |    18 |    18 ||    36
